 Dungeon Crawl Stone Soup version 0.17-a0-2215-g49c1de0 (webtiles) character file.

99 Vatticson the Chopper (level 4, -1/38 HPs)
             Began as a Hill Orc Gladiator on Oct 26, 2015.
             Was an Initiate of Gozag.
             Slain by emiel's ghost (3 damage)
             ... on level 3 of the Dungeon on Oct 27, 2015.
             The game lasted 00:25:19 (2986 turns).

Vatticson the Chopper (Hill Orc Gladiator)          Turns: 2986, Time: 00:25:19

Health: -1/38      AC:  5    Str: 18    XL:     4   Next: 72%
Magic:  4/4        EV: 12    Int:  8    God:    Gozag
Gold:   240        SH:  0    Dex: 11    Spells: 0 memorised, 3 levels left

rFire  . . .     SeeInvis .     a - +0 war axe
rCold  . . .     Clarity  .     b - +0 leather armour
rNeg   . . .     SustAt   .     (no shield)
rPois  .         Gourm    .     c - +0 helmet
rElec  .         Spirit   .     f - +0 cloak
rCorr  .         Warding  .     (no gloves)
rMut   .         Stasis   .     (no boots)
MR     .....                    (no amulet)
Stlth  +.........               (no ring)
                                (no ring)

@: not resistant to hostile enchantments, very unstealthy
A: wild magic 1
a: Potion Petition, Call Merchant, Bribe Branch, Renounce Religion


You were on level 3 of the Dungeon.
You worshipped Gozag.
Gozag was noncommittal.
You were full.

You visited 1 branch of the dungeon, and saw 3 of its levels.

You collected 267 gold pieces.
You paid 27 gold pieces to Gozag.

Inventory:

Hand Weapons
 a - a +0 war axe (weapon)
Missiles
 d - 4 throwing nets (quivered)
Armour
 b - a +0 leather armour (worn)
 c - a +0 helmet (worn)
 f - a +0 cloak (worn)
Jewellery
 h - a cursed ring of loudness
Wands
 k - a wand of random effects (33)
Scrolls
 g - 2 scrolls of amnesia
 m - a scroll of recharging
 p - 2 scrolls of remove curse
Potions
 n - a potion of cancellation
Comestibles
 e - 2 bread rations
 i - 2 royal jellies
 o - a beef jerky


   Skills:
 + Level 3.1 Fighting
 * Level 5.0 Axes
 + Level 2.0 Throwing
 + Level 2.0 Armour
 + Level 3.0 Dodging


You had 3 spell levels left.
You didn't know any spells.

Dungeon Overview and Level Annotations

Branches:
Dungeon (3/15)

Altars:
Gozag
Kikubaaqudgha

Annotations:
D:3 emiel's ghost, weakling DrWn


Innate Abilities, Weirdness & Mutations

Your spells are a little harder to cast, but a little more powerful.


Message History

Zapping:
k - a wand of random effects (will waste charges)
Press: ? - help, Shift-Dir - straight line, f - emiel's ghost
Aim: emiel's ghost (severely damaged) Emiel's ghost flickers and vanishes!
Deactivating autopickup; reactivate with Ctrl-A.
Evoking this partially-identified wand wasted a few charges.
Something hits you but does no damage. Something hits you.
You see here 6 gold pieces.
You hit something. Something hits you!
* * * LOW HITPOINT WARNING * * *
Something hits you.
* * * LOW HITPOINT WARNING * * *
Something hits you.
* * * LOW HITPOINT WARNING * * *
You miss something. Something hits you.
* * * LOW HITPOINT WARNING * * *
Something hits you.
You die...
Your body crumbles into a pile of gold.

#.# #.#.......
#. #.#
#.#<######
.....# #.
###.###.#
.....# #.
#.......#
.....#
#.####.#.#####
.....#
#...##.#.#
.....#
#..##.#.#
.....#
#..##.#.#
.....#
#..@.J#.#
.....#
##.####.#
...### #.# #.#
(..# #.## ...#
#..# <..#
##.## .#
(..#######
#..# .#
...'.....#
##.# [#
...#####(###
#.##.#


You could see an ooze.

Vanquished Creatures
  3 adders
  An ooze (D:2)
  4 worms (D:2)
  2 giant geckos
  An orc (D:3)
  2 giant cockroaches
  3 goblins
  9 hobgoblins
  6 kobolds
  A quokka (D:3)
  10 bats
  6 giant newts
  5 rats
53 creatures vanquished.

Vanquished Creatures (others)
  A human (D:3)
1 creature vanquished.

Grand Total: 54 creatures vanquished

Notes
Turn   | Place    | Note
--------------------------------------------------------------
     0 | D:1      | Vatticson the Hill Orc Gladiator began the quest for the Orb.
     0 | D:1      | Reached XP level 1. HP: 18/18 MP: 1/1
   281 | D:1      | Reached XP level 2. HP: 25/25 MP: 2/2
   789 | D:1      | Reached XP level 3. HP: 27/30 MP: 3/3
  1775 | D:2      | Found an opulent altar of Gozag.
  1784 | D:2      | Became a worshipper of Gozag Ym Sagoz the Greedy
  2075 | D:2      | Gained mutation: Your spells are a little harder to cast, but a little more powerful. [potion of beneficial mutation]
  2080 | D:2      | Reached skill level 1 in Armour
  2080 | D:2      | Reached XP level 4. HP: 28/38 MP: 4/4
  2342 | D:2      | Upgraded the game from 0.17-a0-2208-ge5ab1d3 to 0.17-a0-2215-g49c1de0
  2696 | D:3      | Found an ancient bone altar of Kikubaaqudgha.
  2696 | D:3      | Noticed a human
  2701 | D:3      | Killed a human
  2927 | D:3      | Noticed emiel's ghost (weakling DrWn)
  2935 | D:3      | Reached skill level 5 in Axes
  2986 | D:3      | Slain by emiel's ghost

Vault maps used:
D:1:      dpeg_arrival_shrine, hangedman_feature_mirror
D:2:      lemuel_crystal_altar
D:3:      minivault_14, tgw_kikubaaqudgha

Action                   |  1- 3 |  4- 6 || total
-------------------------+-------+-------++-------
Melee: War axe           |   119 |    68 ||   187
Throw: Throwing net      |     3 |       ||     3
Evoke: Wand              |       |     1 ||     1
  Use: Potion            |     2 |     1 ||     3
       Scroll            |       |     6 ||     6
  Eat: Meat ration       |     1 |     1 ||     2
       Chunk             |     1 |       ||     1
